Map: Orbital Shipyard

Players

Atreyu

  • Race: Terran Terran
  • League: Silver

Soviet

  • Race: Terran Terran

Sigmachiev

  • Race: Protoss Protoss

BaWsaNoVa

  • Race: Protoss Protoss

VOD

Have the link to the VOD?

Description

Time

  • Played on: Feb. 1, 2016, 2:47 p.m.
  • Length: 10:30
Show
View Real Time Build Order
Export as new Build Order

Atreyu Terran 

Build Orders: MMM Bio 

Get SALT Encoding   

  12  0:01  SCV  
  13  0:13  SCV  
  14  0:18  Supply Depot  
  14  0:25  SCV  
  15  0:40  SCV  
  15  0:41  Barracks  
  16  0:45  Refinery  
  16  0:52  SCV  
  17  1:04  SCV  
  18  1:16  SCV  
  19  1:28  Orbital Command  
  19  1:29  Barracks Reactor  
  19  1:45  Command Center  
  19  1:54  SCV  
  20  2:06  Marine x2, SCV  
  20  2:08  Factory  
  23  2:17  Supply Depot  
  23  2:31  Refinery  
  23  2:38  Marine x2  
  23  2:39  SCV  
  26  2:44  Bunker  
  26  2:51  SCV  
  27  2:56  Marine x2, Starport  
  27  2:58  Widow Mine  
  29  3:03  SCV  
  32  3:12  Orbital Command  
  32  3:18  SCV  
  33  3:26  Widow Mine  
  33  3:29  Engineering Bay  
  33  3:34  SCV, Medivac  
  36  3:38  Marine  
  36  3:40  SCV  
  40  3:44  Supply Depot  
  40  3:48  SCV  
  40  3:55  Widow Mine  
  43  3:57  SCV  
  43  4:00  Missile Turret  
  44  4:03  SCV  
  44  4:08  Missile Turret  
  45  4:10  Supply Depot  
  45  4:20  Marine x2  
  45  4:21  SCV x2  
  45  4:24  Medivac, Factory Reactor  
  51  4:36  Barracks  
  51  4:37  Barracks  
  51  4:38  Marine x2  
  51  4:39  SCV  
  51  4:40  SCV  
  55  4:57  Marine x2  
  57  5:02  SCV x2  
  57  5:05  Supply Depot  
  59  5:13  Command Center  
  59  5:21  Marine x2  
  57  5:28  Barracks Tech Lab  
  59  5:29  SCV x2, Barracks Tech Lab  
  59  5:33  Refinery  
  61  5:42  Supply Depot  
  58  5:53  Marine x2  
  58  5:54  Marauder x2  
  58  5:55  Combat Shields, SCV x2  
  58  5:56  Stimpack  
  66  6:07  SCV  
  66  6:08  Supply Depot  
  66  6:09  Medivac x2  
  66  6:10  Refinery  
  71  6:14  SCV  
  71  6:17  Factory Reactor  
  71  6:19  Supply Depot  
  71  6:22  SCV, Engineering Bay  
  71  6:23  Barracks  
  71  6:25  Barracks  
  70  6:29  Marine x2  
  70  6:30  Marauder x2, Orbital Command  
  70  6:32  SCV  
  77  6:39  SCV  
  78  6:48  Orbital Command  
  78  6:52  Marine x2, Marauder  
  78  6:53  Marauder, SCV x2  
  86  7:12  Barracks Reactor x2  
  86  7:14  Supply Depot  
  86  7:16  SCV x3  
  89  7:29  Marine x2  
  90  7:30  Marauder x2  
  90  7:35  Medivac x2  
  100  7:37  SCV x2  
  99  7:48  Marine x2  
  99  7:49  Marine  
  99  7:50  Marine  
  99  7:51  Marine x2  
  96  7:52  Marauder x2  
  92  8:05  Medivac  
  90  8:06  Marine  
  90  8:07  Marine  
  90  8:09  Marine x2  
  97  8:13  Marauder x2  
  97  8:24  Marine  
  97  8:25  Marine  
  94  8:32  Marine x2, Orbital Command  
  94  8:34  Marauder x2  
  95  8:42  Marine  
  95  8:43  Marine  
  92  8:49  Marine  
  92  8:51  Widow Mine x2, Medivac x2  
  100  8:56  Marauder x2, Supply Depot  
  100  8:57  Supply Depot  
  104  9:05  Marine  
  104  9:06  Marine  
  104  9:09  SCV  
  107  9:12  SCV  
  107  9:14  SCV  
  109  9:17  Marauder x2  
  109  9:18  Marine  
  112  9:26  Marine x3  
  112  9:28  SCV x2  
  112  9:29  Medivac  
  119  9:36  Marine, SCV, Supply Depot  
  121  9:39  Marauder x2, Supply Depot  
  121  9:43  SCV  
  121  9:51  Marine x3  
  121  9:52  Widow Mine, Medivac  
  122  9:53  Widow Mine  
  122  9:54  SCV x2  
  122  9:55  SCV  
  122  9:57  Refinery, Supply Depot  
  122  9:59  Medivac  
  118  10:00  Marauder x2  
Show
View Real Time Build Order
Export as new Build Order

Soviet Terran 

Build Orders:  

Get SALT Encoding   

  12  0:01  Probe (Chrono Boost)  
  14  0:17  Pylon  
  14  0:18  Probe (Chrono Boost)  
  14  0:28  Probe (Chrono Boost)  
  15  0:40  Probe (Chrono Boost)  
  15  0:41  Gateway  
  16  0:44  Assimilator  
  16  0:51  Probe (Chrono Boost)  
  17  1:01  Probe (Chrono Boost)  
  18  1:12  Probe (Chrono Boost)  
  19  1:23  Nexus  
  19  1:26  Probe (Chrono Boost)  
  20  1:37  Cybernetics Core  
  21  1:40  Probe (Chrono Boost)  
  21  1:52  Probe (Chrono Boost)  
  22  2:04  Gateway  
  22  2:05  Probe (Chrono Boost)  
  23  2:09  Assimilator  
  23  2:12  Pylon  
  23  2:13  Warp Gate  
  23  2:26  Robotics Facility  
  23  2:31  Probe (Chrono Boost)  
  23  2:36  Probe (Chrono Boost)  
  25  2:41  Sentry  
  27  2:46  Probe (Chrono Boost)  
  27  2:47  Probe (Chrono Boost)  
  29  2:55  Adept  
  29  2:56  Probe (Chrono Boost)  
  32  3:02  Probe (Chrono Boost)  
  33  3:07  Probe (Chrono Boost)  
  33  3:08  Assimilator  
  34  3:13  Probe (Chrono Boost)  
  34  3:14  Observer  
  34  3:17  Probe (Chrono Boost)  
  37  3:21  Stalker  
  37  3:23  Probe (Chrono Boost)  
  40  3:31  Probe (Chrono Boost)  
  42  3:34  Probe (Chrono Boost)  
  42  3:35  Immortal  
  46  3:55  Pylon  
  46  3:58  Pylon  
  46  4:07  Assimilator  
  46  4:14  Probe x2 (Chrono Boost)  
  46  4:15  Pylon  
  48  4:18  Immortal  
  53  4:24  Probe x2 (Chrono Boost)  
  54  4:34  Stalker x2  
  54  4:38  Probe x2 (Chrono Boost)  
  60  4:48  Probe x2 (Chrono Boost)  
  62  4:58  Pylon  
  62  5:08  Gateway  
  62  5:11  Gateway  
  62  5:14  Gateway  
  55  5:24  Probe x2 (Chrono Boost)  
  55  5:28  Immortal  
  61  5:32  Zealot x2  
  61  5:34  Probe x2 (Chrono Boost)  
  67  5:45  Probe x2 (Chrono Boost)  
  69  5:54  Stalker x2  
  72  6:07  Pylon  
  72  6:09  Zealot x2  
  70  6:22  Probe x2 (Chrono Boost)  
  70  6:32  Probe x2 (Chrono Boost)  
  72  6:39  Immortal  
  76  6:40  Zealot x4  
  76  6:43  Probe x2 (Chrono Boost)  
  86  6:50  Forge  
  86  6:58  Pylon  
  86  7:02  Pylon  
  85  7:20  Mothership Core (Chrono Boost)  
  85  7:21  Stalker x3  
  93  7:26  Pylon  
  93  7:30  Protoss Ground Weapons Level 1  
  93  7:34  Pylon  
  93  7:36  Pylon  
  93  7:37  Pylon  
  93  7:46  Zealot  
  93  7:47  Zealot x3  
  98  8:04  Zealot  
  102  8:05  Probe x2 (Chrono Boost)  
  75  8:32  Zealot x5  
  72  8:54  Robotics Bay  
  72  8:56  Pylon  
  72  8:59  Pylon  
  72  9:28  Nexus  
  73  9:31  Probe x2 (Chrono Boost)  
  74  9:42  Probe x2 (Chrono Boost)  
  74  9:50  Zealot x2  
  74  9:51  Zealot  
  74  9:52  Probe x2 (Chrono Boost)  
  76  9:57  Stalker  
  65  10:05  Probe (Chrono Boost)  
Show
View Real Time Build Order
Export as new Build Order

Sigmachiev Protoss 

Build Orders:  

Get SALT Encoding   

Show
View Real Time Build Order
Export as new Build Order

BaWsaNoVa Protoss 

Build Orders:  

Get SALT Encoding   

Tags
 
Add a new tag
Caveats
  • Supply blocks, unpowered buildings, or Contaminate may cause inaccurate times.
  • Supply counts are checked every 10 seconds.